 Dungeon Crawl Stone Soup version 0.31-a0-977-gc230f8ef24 (webtiles) character file.

Game seed: 17219160611447166114

2403 Dirtsage the Martial Artist (level 9, -1/91 HPs)
             Began as an Octopode Shapeshifter on Oct 29, 2023.
             Was a Follower of Wu Jian.
             Slain by a troll (3 damage)
             ... on level 7 of the Dungeon.
             The game lasted 00:10:01 (5997 turns).

Dirtsage the Martial Artist (Octopode Shapeshifter) Turns: 5997, Time: 00:10:02

Health: -1/91      AC: 24    Str: 13    XL:     9   Next: 47%
Magic:  9/9        EV:  2    Int: 13    God:    Wu Jian [*.....]
Gold:   472        SH:  0    Dex: 15    Spells: 8/8 levels left

rFire   + .          .
                       - Unarmed
rCold   . . .        (no shield)
rNeg    . . .        (helmet currently unavailable)
rPois   +            (no amulet)
rElec   .            F - ring of protection from fire
rCorr   .            (no ring)
SInv    .            (no ring)
Will    .....        (no ring)
Stlth   +            (no ring)
HPRegen 0.35/turn    (no ring)
MPRegen 0.11/turn    (no ring)
                     (no ring)

%: no passive effects
@: tree-form
A: stationary, stasis, torment immunity, boosted hp, almost no armour,
(amphibious), 8 rings, (camouflage 1), (gelatinous body 1), (nimble swimmer 1),
(tentacles)
a: Renounce Religion


You were on level 7 of the Dungeon.
You worshipped Wu Jian.
Wu Jian was aware of your devotion.
You were a tree.
You visited 2 branches of the dungeon, and saw 8 of its levels.

You collected 472 gold pieces.

Inventory:

Armour
 l - a +0 hat
Jewellery
 F - a ring of protection from fire (left branch)
Talismans
 b - a beast talisman
 c - a flux talisman
 m - a maw talisman
Wands
 r - a wand of charming (15)
 w - a wand of roots (7)
Scrolls
 i - a scroll of blinking {unknown}
 k - a scroll of fog
 o - a scroll of summoning
 p - a scroll of vulnerability
 s - a scroll of enchant armour
 t - 6 scrolls of teleportation
 x - a scroll of amnesia
Potions
 a - a potion of lignification
 d - 3 potions of haste {unknown}
 e - a potion of berserk rage {unknown}
 f - 2 potions of heal wounds {unknown}
 g - a potion of attraction {unknown}
 h - a potion of degeneration {unknown}
 j - 3 potions of might {unknown}
 n - a potion of enlightenment {unknown}
 q - 5 potions of curing
 u - a potion of ambrosia {unknown}
 v - a potion of resistance {unknown}


   Skills:
 + Level 5.5 Fighting
 - Level 2.0 Dodging
 * Level 8.4 Unarmed Combat
 * Level 7.9 Shapeshifting


You had 8 spell levels left.
You didn't know any spells.
Your spell library contained the following spells:

 Spells                   Type           Power      Damage    Failure   Level
 Call Imp                 Summ           0%         N/A       43%         2
 Wereblood                Tmut           0%         N/A       43%         2
 Airstrike                Air            0%         2d(0-16)  97%         4
 Fulminant Prism          Conj/Hex       0%         3d5       97%         4
 Manifold Assault         Tloc           0%         N/A       97%         4
 Vhi's Electric Charge    Tloc/Air       0%         N/A       97%         4
 Irradiate                Conj/Tmut      0%         3d11      100%        5
 Summon Mana Viper        Hex/Summ       0%         N/A       100%        5
 Conjure Ball Lightning   Conj/Air       0%         3x3d6     100%        6
 Dispersal                Tloc           0%         N/A       100%        6
 Disjunction              Tloc           0%         N/A       100%        8


Dungeon Overview and Level Annotations

Branches:
Dungeon (7/15)             Temple (1/1) D:4

Altars:
Cheibriados
Dithmenos
Elyvilon
Fedhas
Gozag
Hepliaklqana
Kikubaaqudgha
Makhleb
Okawaru
Ru
Sif Muna
Uskayaw
Vehumet
Wu Jian
Xom
Yredelemnul
The Shining One


Innate Abilities, Weirdness & Mutations

You are a tree.
Your roots penetrate the ground, keeping you stationary.
You cannot be teleported.
You are immune to unholy pain and torment.
Your maximum health is greatly increased.
You cannot wear most types of armour.
((You are amphibious.))
You can wear up to eight rings at the same time.
((Your skin changes colour to match your surroundings (Stealth+).))
((Your rubbery body absorbs attacks. (AC +1, EV +1)))
((You are camouflaged when in or above water. (Stealth+)))
((You have tentacles for arms and can constrict up to eight enemies at once.))


Message History

The seven-headed hydra bites you.
The seven-headed hydra bites you but does no damage. x2
The seven-headed hydra bites you!
The seven-headed hydra bites you but does no damage.
The seven-headed hydra bites you!
A phantom comes into view.
You take 23 damage, and have 46/91 hp.
MASSIVE DAMAGE!!
You smack the seven-headed hydra!
You punch the seven-headed hydra.
The seven-headed hydra is almost dead.
The seven-headed hydra bites you but does no damage. x3
The seven-headed hydra bites you. x2
The seven-headed hydra bites you but does no damage. x2
You take 4 damage, and have 42/91 hp.
You hit the seven-headed hydra.
The seven-headed hydra is almost dead.
The troll bites you! The troll claws you!
* * * LOW HITPOINT WARNING * * *
The troll claws you but does no damage.
The seven-headed hydra bites you but does no damage. x5
The seven-headed hydra bites you.
* * * LOW HITPOINT WARNING * * *
The seven-headed hydra bites you.
* * * LOW HITPOINT WARNING * * *
You take 22 damage, and have 20/91 hp.
MASSIVE DAMAGE!!
You smack the seven-headed hydra!
You kill the seven-headed hydra!
The Council accepts your kill. The troll bites you but does no damage.
The troll claws you but does no damage. x2
Your Unarmed Combat skill increases to level 8!
You completely miss the troll. The troll bites you!
* * * LOW HITPOINT WARNING * * *
The troll claws you but does no damage. x2
The phantom hits you but does no damage.
You take 12 damage, and have 9/91 hp.
You smack the troll!
The troll is heavily wounded.
The troll bites you!
* * * LOW HITPOINT WARNING * * *
The troll claws you but does no damage. The troll claws you.
You die...

...##........# ♣###
####.........# P.P#
.............# ~.P#
.####........# ~..#
## #....##### P.[# #
##...#....###♣..#
####..#...#####..P.#
.)......### ##TW##
......### ###P♣..##
..###.# ##.......#
#..##)###
##........#
##......#
#.....P...#
####.#)###.###.##.##
#.#..##.# ### .#
#.##....# .#
#.##...## .#
..##.#.#


You could see a troll and a phantom.

Vanquished Creatures
  A hydra (D:7)
  Pikel (D:5)
  A water moccasin (D:6)
  A sky beast (D:6)
  A black bear (D:7)
  An ice beast (D:5)
  5 scorpions
  5 hounds
  A gnoll bouda (D:6)
  3 jellies
  An orc priest (D:3)
  2 iguanas
  2 orc wizards
  6 gnolls
  13 adders
  A white imp (D:5)
  3 worms
  3 dart slugs
  14 orcs
  2 bats (D:2)
  10 endoplasms
  5 giant cockroaches
  4 goblins
  10 hobgoblins
  4 quokkas
  13 ball pythons
  3 frilled lizards
  6 kobolds
  5 rats
127 creatures vanquished.

Notes
Turn   | Place    | Note
-------+----------+-------------------------------------------
     0 | D:1      | Dirtsage the Octopode Shapeshifter began the quest for the
                  | Orb.
     0 | D:1      | Reached XP level 1. HP: 13/13 MP: 1/1
    70 | D:1      | Reached XP level 2. HP: 15/18 MP: 2/2
   128 | D:1      | Got the Tome of Accompaniment and Glamour
   244 | D:1      | Found a faded altar of an unknown god.
   247 | D:1      | Reached XP level 3. HP: 23/23 MP: 3/3
   406 | D:1      | Got Sif Muna's Vellum of Pathos
  1174 | D:2      | Reached XP level 4. HP: 24/29 MP: 4/4
  1415 | D:2      | Reached skill level 4 in Unarmed Combat
  2056 | D:3      | Found an opulent altar of Gozag.
  2114 | D:3      | Found an ornate altar of the Wu Jian Council.
  2128 | D:3      | Became a worshipper of the Wu Jian Council
  2147 | D:3      | Reached XP level 5. HP: 34/34 MP: 5/5
  2632 | D:4      | Reached XP level 6. HP: 36/41 MP: 6/6
  2671 | D:4      | Reached * piety under Wu Jian
  2727 | D:4      | Reached skill level 5 in Unarmed Combat
  2911 | D:4      | Found a staircase to the Ecumenical Temple.
  2932 | Temple   | Entered the Ecumenical Temple
  3293 | D:4      | Reached skill level 5 in Shapeshifting
  3293 | D:4      | Reached XP level 7. HP: 25/46 MP: 7/7
  3644 | D:5      | Entered Level 5 of the Dungeon
  4071 | D:5      | You fall into a shaft and drop 1 floor!
  4230 | D:6      | Found a burning altar of Makhleb.
  4352 | D:6      | Reached skill level 6 in Unarmed Combat
  4553 | D:5      | Reached XP level 8. HP: 48/54 MP: 8/8
  4556 | D:5      | Found a hide-covered altar of Uskayaw.
  4629 | D:5      | Noticed Pikel
  4668 | D:5      | Killed Pikel
  4669 | D:5      | Reached skill level 7 in Unarmed Combat
  4758 | D:5      | Found an iron altar of Okawaru.
  4807 | D:5      | Found a white marble altar of Elyvilon.
  5430 | D:6      | Found an ancient bone altar of Kikubaaqudgha.
  5430 | D:6      | Found a blossoming altar of Fedhas.
  5860 | D:7      | Reached XP level 9. HP: 60/60 MP: 9/9
  5952 | D:7      | Reached skill level 5 in Fighting
  5979 | D:7      | Found the +1 robe of Vines {NoPotionHeal Regen++++}
  5980 | D:7      | Noticed a seven-headed hydra
  5988 | D:7      | Noticed a troll
  5995 | D:7      | Killed a seven-headed hydra
  5996 | D:7      | Reached skill level 8 in Unarmed Combat
  5997 | D:7      | HP: 2/91 [troll (7)]
  5997 | D:7      | Slain by a troll

Illustrated notes

Levels and vault maps discovered:
D:1:      minmay_arrival_nine_rooms, layout_basic,
          ebering_ecumenical_altar_hall, minmay_tree_intersection
D:2:      wad_river_or_something, layout_rooms, dreamdust_princess_corridor,
          chequers_serial_rivers_micro_c, amcnicky_mini_corridor_feature,
          nicolae_half_adder
D:3:      layout_rooms, nicolae_gozag_cash_rules_everything_around_me,
          nzn_wu_jian_contemplation
D:4:      layout_gridville, temple_pool_b
D:5:      layout_basic, kennysheep_okawaru_gauntlet, amcnicky_altar_gilded,
          elyvilon_altar_1, minmay_misc_feat_room, uniq_pikel
D:6:      layout_gridville, grunt_temple_overflow_growth_and_decay,
          kennysheep_little_box
D:7:      layout_rooms, mainiacjoe_overflow_catwalk,
          mainiacjoe_overflow_six_doors_small, hellmonk_guarded_unrand_vines
Temple:   chequers_temple_sunken

Skill      XL: |  1  2  3  4  5  6  7  8  9 |
---------------+----------------------------+-----
Fighting       | 2 3 4 5 |  5.5
Unarmed Combat | 4 5 6 7 8 |  8.4
Shapeshifting  | 4 5 7 |  7.9
Dodging        | |  2.0

Action                     |  1- 3 |  4- 6 |  7- 9 || total
---------------------------+-------+-------+-------++-------
  Melee: Unarmed           |    40 |   129 |   106 ||   275
         Constrict         |     8 |    32 |    29 ||    69
         Tentacles         |     6 |    24 |    32 ||    62
         Punch             |     2 |     7 |     4 ||    13
Ability: Lunge             |       |    17 |    20 ||    37
         Whirlwind         |       |       |     5 ||     5
    Use: Scroll            |       |     6 |     3 ||     9
         Potion            |       |       |     1 ||     1
   Stab: Sleeping          |     5 |    18 |     2 ||    25
         Distracted        |       |     1 |       ||     1
 Armour: Skin              |     6 |    32 |    81 ||   119
  Dodge: Dodged            |    20 |    49 |    42 ||   111

Table legend: (Time is in decaauts)
 A = Elapsed time spent in this place.
 B = Non-inter-level travel time spent in this place.
 C = Inter-level travel time spent in this place.
 D = Time resting spent in this place.
 E = Time spent auto-exploring this place.
 F = Levels seen in this place.
 G = Mean time per level.
                   A        B        C        D        E       F      G
               +--------+--------+--------+--------+--------+-----+--------+
         Total |   5974 |   5717 |    257 |    277 |   4462 |   8 |  746.8 |
       Dungeon |   5972 |   5715 |    257 |    277 |   4462 |   7 |  853.1 |
        Temple |      1 |      1 |      0 |      0 |      0 |   1 |    1.0 |
               +--------+--------+--------+--------+--------+-----+--------+

Top non-repeatable levels by time:
     D:6: 1112 daAuts
     D:5: 1064 daAuts
     D:1: 1060 daAuts
     D:4: 1042 daAuts
     D:2: 922 daAuts
     D:3: 605 daAuts
     D:7: 166 daAuts
  Temple: 1 daAuts
